 Dungeon Crawl Stone Soup version 0.31.0-9-g3a7656b989 (webtiles) character file.

Game seed: 1055726995814093941

32 qw the Shooter (level 3, -1/18 HPs)
             Began as a Spriggan Hunter on Feb 2, 2024.
             Slain by Terence
             ... wielding a +0 morningstar
              (4 damage)
             ... on level 2 of the Dungeon.
             The game lasted 00:00:03 (992 turns).

qw the Shooter (Spriggan Hunter)                     Turns: 992, Time: 00:00:04

Health: -1/18      AC:  3    Str:  7    XL:     3   Next: 8%
Magic:  0/4        EV: 19    Int: 10    God:
Gold:   88         SH:  0    Dex: 20    Spells: 2/2 levels left

rFire   . . .        a - +0 shortbow
rCold   . . .        (shield currently unavailable)
rNeg    . . .        c - +0 robe
rPois   .            (helmet restricted)
rElec   .            b - +0 cloak
rCorr   .            (gloves unavailable)
SInv    +            (boots unavailable)
Will    .....        l - amulet of guardian spirit
Stlth   ++           (no ring)
HPRegen 0.23/turn    (no ring)
MPRegen 0.09/turn

%: guardian spirit
@: very quick
A: very small, no large weapons, unfitting armour, see invisible, speed 3
a: no special abilities


You were on level 2 of the Dungeon.
You visited 1 branch of the dungeon, and saw 2 of its levels.

You collected 88 gold pieces.


Innate Abilities, Weirdness & Mutations

You are very small and have problems with some larger weapons.
You are too small for most types of armour.
You have supernaturally acute eyesight. (SInv)
You cover ground extremely quickly. (Speed+++)


   Skills:
 - Level 1.5 Fighting
 + Level 4.5 Ranged Weapons
 - Level 4.0 Dodging
 - Level 1.5 Stealth


You had 2 spell levels left.
You didn't know any spells.
Your spell library was empty.

Inventory:

Hand Weapons
 a - a +0 shortbow (weapon)
Armour
 b - a +0 cloak (worn)
 c - a +0 robe (worn)
Jewellery
 l - an amulet of guardian spirit (around neck)
Potions
 e - a potion of cancellation {unknown}
 h - a potion of degeneration {unknown}
 j - a potion of curing {unknown}
 k - a potion of lignification {unknown}

Dungeon Overview and Level Annotations

Branches:
Dungeon (2/15)

Altars:

Annotations:
D:2 Terence


Message History

The goblin hits you but does no damage.
You are poisoned.
There is a stone staircase leading up here.
You shoot an arrow. The arrow hits the goblin.
You kill the goblin!
You feel very sick.
You start resting.
You feel sick. x7
You are no longer poisoned.
Terence the Incautious comes into view.
He is wielding a +0 morningstar.
947 ||| STAIRDANCE Terence shouts!
You climb upwards.
There is a stone staircase leading down here.
You start resting.
HP restored.
Done exploring.
What level of the Dungeon? (default 2, ? - help)
You climb downwards.
Level annotation: Terence Terence misses you.
Terence barely misses you.
There is a stone staircase leading up here.
Terence is nearby!
You shoot an arrow. The arrow barely misses Terence.
Terence hits you with a +0 morningstar!
You shoot an arrow. The arrow barely misses Terence.
Terence misses you.
You shoot an arrow. The arrow closely misses Terence.
Terence hits you with a +0 morningstar!
Ouch! That really hurt!
You shoot an arrow. The arrow barely misses Terence.
Terence closely misses you.
A rat comes into view.
You shoot an arrow. The rat squeaks loudly.
The arrow hits Terence.
Terence is lightly wounded.
Terence misses you. Terence hits you with a +0 morningstar.
You die...
Terence says, "That felt goooood."

. .. .#.
#####....
#......r.
#@.......
#@.....#
#).....#
#.......$
#########


You could see Terence and a rat.

Vanquished Creatures
  A dart slug (D:1)
  A ball python (D:1)
  6 endoplasms
  3 giant cockroaches
  3 hobgoblins (D:1)
  A quokka (D:1)
  6 bats
  A frilled lizard (D:1)
  2 goblins
  A kobold (D:1)
  A rat (D:1)
26 creatures vanquished.

Notes
Turn   | Place    | Note
-------+----------+-------------------------------------------
     0 | D:1      | qw the Spriggan Hunter began the quest for the Orb.
     0 | D:1      | Reached XP level 1. HP: 10/10 MP: 2/2
     0 | D:1      | 0 ||| qw: Version: 0.3-a-155-g5e7d8dd
     0 | D:1      | 0 ||| qw: Game counter: 2206
     0 | D:1      | 0 ||| qw: Melee chars always use a shield: true
     0 | D:1      | 0 ||| qw: God list: Okawaru
     0 | D:1      | 0 ||| qw: Allow faded altars: false
     0 | D:1      | 0 ||| qw: Do Orc after clearing Dungeon:15 true
     0 | D:1      | 0 ||| qw: Do second Lair branch before Depths: true
     0 | D:1      | 0 ||| qw: Lair rune preference: random
     0 | D:1      | 0 ||| qw: Goals: Normal
     0 | D:1      | 0 ||| PLANNING D:1-11
    52 | D:1      | Reached skill level 3 in Dodging
   112 | D:1      | Reached XP level 2. HP: 14/14 MP: 3/3
   712 | D:1      | 712 ||| UPGRADING to amulet of guardian spirit.
   717 | D:1      | 717 ||| READING scroll labelled ERCHUO XUHOTUU.
   718 | D:1      | 718 ||| READING scroll labelled UDYGUM ZIFU.
   718 | D:1      | 718 ||| ENCHANTING +0 shortbow.
   719 | D:1      | 719 ||| READING scroll labelled LYIJANEKHE.
   720 | D:1      | 720 ||| READING scroll labelled RUIWEONL ZUCKIYSO.
   723 | D:1      | 723 ||| DROPPING scroll of butterflies.
   802 | D:2      | Reached XP level 3. HP: 18/18 MP: 4/4
   813 | D:2      | 813 ||| UPGRADING to +0 cloak.
   917 | D:2      | 917 ||| STAIRDANCE
   946 | D:2      | Noticed Terence
   947 | D:2      | 947 ||| STAIRDANCE
   990 | D:2      | HP: 2/18 [Terence/+0 morningstar (9)]
   992 | D:2      | Slain by Terence

Levels and vault maps discovered:
D:1:      ncdulo_halloftheorcs, layout_loops_ring
D:2:      layout_basic, serial_shops, nicolae_shop_competitors_out_of_business,
          nicolae_shop_behind_doors, basic_altar, uniq_terence

Skill      XL: |  1  2 |
---------------+-------+-----
Dodging        | 3 4 |  4.0
Fighting       | |  1.5
Ranged Weapons | |  4.5
Stealth        | |  1.5

Action                     || total
---------------------------++-------
   Fire: Shortbow          ||    76
    Use: Scroll            ||     4
 Armour: Robe              ||    10
  Dodge: Dodged            ||    26

Table legend:
 A = Non-vault XP
 B = Vault XP
 C = Vault XP percentage of total XP
 D = Non-vault monster count
 E = Vault monster count
 F = Vault count percentage of total count
                 A         B        C        D         E       F
            +---------+---------+-------+---------+---------+-------
      Total |      46 |       0 |   0.0 |      26 |       0 |   0.0
            +---------+---------+-------+---------+---------+-------
        D:1 |      39 |       0 |   0.0 |      22 |       0 |   0.0
        D:2 |       7 |       0 |   0.0 |       4 |       0 |   0.0
            +---------+---------+-------+---------+---------+-------
